AoeStats
← 欢乐小菜鸟

Nomad

507001642Analyzed
4v4 RM · 15d ago on Sep 16, 2026· 30m 28s· 8 players
Game mode
Random Map
Map size
231×231
Population
200
Speed
Normal
Resources
Standard
Victory
Conquest
Starting age
Dark Age
Ending age
Imperial Age
RankedLock teamsTeams togetherTeam positionsShared explorationLock speedFull tech treeHidden civsTurbo modeCheats
Victory
Defeat
🇨🇳 Mongols · China
1019
+14
🇨🇳 Vietnamese · China
992
+15
🇺🇸 Bohemians · United States
975
+16
🇭🇰 Lithuanians · Hong Kong SAR China
972
+16
🇩🇪 Persians · Germany
1049
-19
🇫🇮 Inca · Finland
1007
-17
🇹🇷 Mongols · Türkiye
928
-13
🇺🇸 Malians · United States
903
-12
hqitbkv
3:07 Loom
17:38 Feudal Age
21:18 Castle Age
24:34 Stone Mining
24:27 Horse Collar
24:41 Double-Bit Axe
26:03 Bow Saw
25:54 Heavy Plow
29:46 Gold Mining
30:24 Pikeman
n2844522
5:15 Loom
13:33 Feudal Age
20:52 Castle Age
18:58 Double-Bit Axe
20:37 Fletching
23:13 Bow Saw
27:24 Forging
27:15 Scale Mail Armor
27:54 Pikeman
29:16 Iron Casting
30:12 Chain Mail Armor
30:25 Ballistics
百岁山
15:05 Feudal Age
15:43 Loom
20:08 Castle Age
18:41 Fletching
18:51 Padded Archer Armor
19:43 Double-Bit Axe
19:54 Gold Mining
20:14 Stone Mining
20:23 Stone Mining
23:10 Bodkin Arrow
23:31 Leather Archer Armor
23:24 Thumb Ring
欢乐小菜鸟
11:16 Loom
17:33 Feudal Age
19:41 Double-Bit Axe
23:46 Castle Age
22:15 Horse Collar
23:28 Wheelbarrow
22:43 Town Watch
23:34 Wheelbarrow
23:04 Fishing Lines
25:26 Bow Saw
25:54 Wheelbarrow
28:05 Gillnets
29:57 Padded Archer Armor
30:13 Fletching
The HypnoToad
7:34 Loom
16:44 Feudal Age
17:27 Double-Bit Axe
17:23 Horse Collar
17:43 Gold Mining
22:53 Castle Age
20:51 Man-at-Arms
21:32 Scale Mail Armor
23:03 Arson
24:50 Wheelbarrow
23:49 Long Swordsman
24:52 Squires
26:03 Chain Mail Armor
26:19 Squires
28:04 Forging
WeLoveRust
8:50 Loom
15:54 Feudal Age
20:31 Castle Age
20:24 Double-Bit Axe
27:48 Stone Mining
27:51 Gold Mining
28:14 Bow Saw
27:49 Horse Collar
Goodbye old friend =)
14:29 Loom
16:24 Feudal Age
19:03 Bloodlines
21:20 Castle Age
19:19 Gold Mining
19:54 Forging
20:39 Scale Barding Armor
20:37 Fishing Lines
22:11 Double-Bit Axe
23:26 Husbandry
25:05 Wheelbarrow
Rölli
4:42 Loom
14:09 Feudal Age
14:52 Horse Collar
14:57 Double-Bit Axe
23:27 Castle Age
27:59 Fortified Wall
28:14 Ballistics
27:58 Fletching
29:35 Bow Saw
30:04 Heavy Plow
Connection lost

Rejoining the realm…

Still unreachable

The connection could not be restored.

Session expired

The server has moved on; the page needs a fresh start.